 Dungeon Crawl Stone Soup version 0.30-a0-465-g8901f6c8b5 (webtiles) character file.

Game seed: 4511302809869892117

24161 gelatine the Cleaver (level 12, -9/86 (94) HPs)
             Began as a Demonspawn Fighter on Dec 18, 2022.
             Was a High Priest of Cheibriados.
             Mangled by a minotaur
             ... wielding the +8 scimitar "Jynugym" {drain, *Rage rPois rF+++ Stlth+}
              (43 damage)
             ... in a Gauntlet.
             The game lasted 00:48:02 (12097 turns).

gelatine the Cleaver (Demonspawn Fighter)          Turns: 12097, Time: 00:48:03

HP:   -9/86 (94)    AC: 40    Str: 39    XL:     12   Next: 78%
MP:   3/15          EV: 11    Int: 27    God:    Cheibriados [*****.]
Gold: 972           SH:  9    Dex: 26    Spells: 16/16 levels left

rFire   . . .      SeeInvis .    r - +3 war axe
rCold   . . .      Faith    .    m - +2 buckler {AC+3}
rNeg    . . .      Spirit   .    c - +8 orange crystal plate armour {Archmagi, Int+3 Clar}
rPois   .          Reflect  .    g - +1 hat
rElec   .          Harm     .    h - +0 cloak
rCorr   .          Rampage  .    (no gloves)
Will    .....      Archmagi +    x - +2 pair of boots
Stlth   .......... Clarity  +    J - amulet of regeneration
HPRegen 1.14/turn  NoTele   +    M - +4 ring of protection
MPRegen 0.14/turn                S - +6 ring of strength

@: mighty, studying Axes, drained, very slow
A: antennae 1, claws 1, foul stench 3, spiny 1, weakness stinger 2
a: Renounce Religion, Bend Time, Temporal Distortion, Slouch, Step From Time


You were in a Gauntlet.
You worshipped Cheibriados.
Cheibriados was extremely pleased with you.
You visited 3 branches of the dungeon, and saw 16 of its levels.
You also visited: Gauntlet.

You collected 1020 gold pieces.
You spent 48 gold pieces at shops.

Inventory:

Hand Weapons
 r - a +3 war axe (weapon)
Missiles
 s - 4 curare-tipped darts (quivered)
 E - 15 poisoned darts
Armour
 c - the +8 orange crystal plate armour (worn) {Archmagi, Int+3 Clar}
   (You acquired it on level 4 of the Dungeon)

   Int:       It affects your intelligence (+3).
   Clar:      It protects you against confusion.
 g - a +1 hat (worn)
 h - a +0 cloak (worn)
 m - a +2 buckler of protection (worn)
 x - a +2 pair of boots (worn)
 P - the +4 scale mail "Ezxet" {rF- rC+++ rN++}
   (You found it on level 11 of the Dungeon)

   rF:        It makes you vulnerable to fire.
   rC:        It renders you almost immune to cold.
   rN:        It greatly protects you from negative energy.
 Q - +0 acid dragon scales
Jewellery
 k - a +6 ring of dexterity
 q - a +6 ring of intelligence
 J - an amulet of regeneration (around neck)
 M - a +4 ring of protection (left claw)
 R - an amulet of magic regeneration
 S - a +6 ring of strength (right claw)
Wands
 p - a wand of mindburst (23)
 w - a wand of light (8)
 y - a wand of charming (6)
 A - a wand of flame (22)
 D - a wand of polymorph (8)
 N - a wand of iceblast (6)
Scrolls
 b - 2 scrolls of blinking
 f - a scroll of silence
 i - 3 scrolls of teleportation
 u - a scroll of fog
 B - a scroll of enchant armour
 H - 2 scrolls of magic mapping
 K - a scroll of noise
 L - 4 scrolls of poison
 O - a scroll of brand weapon {unknown}
Potions
 e - 4 potions of curing
 j - 3 potions of brilliance
 l - 3 potions of lignification
 n - 3 potions of flight
 o - a potion of cancellation
 t - 3 potions of invisibility
 v - a potion of mutation {unknown}
 z - 3 potions of resistance
 C - a potion of haste {unknown}
 F - a potion of magic {unknown}
 G - a potion of ambrosia {unknown}
 I - a potion of attraction
Miscellaneous
 a - a condenser vane


   Skills:
 * Level 8.6 Fighting
 * Level 13.7 Axes
 * Level 8.6 Armour
 * Level 6.2 Dodging
 + Level 0.3 Stealth
 * Level 7.4 Shields
 + Level 0.2 Unarmed Combat
 + Level 2.6 Spellcasting
 * Level 5.1 Invocations
 + Level 5.0 Evocations


You had 16 spell levels left.
You didn't know any spells.
Your spell library contained the following spells:

 Spells                   Type           Power      Damage    Failure   Level
 Apportation              Tloc           10%        N/A       86%         1
 Necrotise                Necr           20%        1d5       86%         1
 Shock                    Conj/Air       20%        1d4       86%         1
 Summon Small Mammal      Summ           20%        N/A       86%         1
 Swiftness                Air            5%         N/A       99%         3
 Airstrike                Air            2%         2d(1-17)  100%        4


Dungeon Overview and Level Annotations

Branches:
Dungeon (13/15)            Temple (1/1) D:5            Lair (0/5) D:8
    Orc (2/2) D:9             Elf (0/3) Orc:2       Gauntlet (1/1)
 Vaults: D:13-14

Altars:
Ashenzari
Cheibriados
Dithmenos
Fedhas
Gozag
Hepliaklqana
Kikubaaqudgha
Makhleb
Nemelex Xobeh
Okawaru
Qazlal
Ru
Sif Muna
Trog
Uskayaw
Vehumet
Wu Jian
Xom
Yredelemnul

Shops:
D:3 !!   D:8 *   D:10 *

Annotations:
D:8 exclusion: ice statue
D:13 Azrael Gauntlet 7 transporters, exclusion: 2 lightning spires


Innate Abilities, Weirdness & Mutations

You have a pair of small antennae on your head.
You have sharp fingernails.
You frequently emit foul miasma when damaged in melee.
You are partially covered in sharp spines.
You have a tail ending in a sharp stinger.


Message History

S - a +6 ring of strength (right claw)
There is a transporter here.
There is a transporter here.
You enter the transporter and appear at another place.
Found a wavering iron amulet and a scroll of teleportation.
Unknown command.
You open the door.
A minotaur comes into view.
It is wielding a +1 antimagic shortbow, wearing a +0 chain mail of cold resistance and quivering silver javelins.
The minotaur bellows!
The minotaur shoots an arrow.
The arrow hits you!!
You feel your power leaking away.
Found a gnarled runed staff.
Found a gate leading back out of this place.
The minotaur shoots an arrow.
You block the arrow.
There is an open door here.
The minotaur shoots an arrow.
The arrow hits you but does no damage.
You hit the minotaur but do no damage.
You tail-slap the minotaur, but do no damage.
The minotaur unwields a +1 antimagic shortbow.
The minotaur wields the +8 scimitar "Jynugym" {drain, *Rage rPois rF+++ Stlth+}.
You sense an unholy aura.
The minotaur goes berserk!
The minotaur hits you with the +8 scimitar "Jynugym" {drain, *Rage rPois rF+++ Stlth+}!!!
You feel drained.
* * * LOW HITPOINT WARNING * * *
You block the minotaur's attack.
You feel better. The minotaur is struck by your spines.
The minotaur hits you but does no damage.
You feel drained. You block the minotaur's attack.
You feel better. You block the minotaur's attack.
The minotaur gores you but does no damage.
Unknown command.
You hit the minotaur but do no damage.
The minotaur is lightly wounded.
You block the minotaur's attack. The minotaur gores you!
You block the minotaur's attack.
The minotaur gores you but does no damage.
You feel very mighty all of a sudden.
The minotaur hits you with the +8 scimitar "Jynugym" {drain, *Rage rPois rF+++ Stlth+}!!!
Ouch! That really hurt!
You die...

##..#...
#########≈..#...
#...##.###§.#### #
#.#.##..##...... #.
#.#......#..#### ##'##
#.#.##...#..#... #.⌠..
#...##.©.#8.#).8
#...∩##.#.##...#..#h..
+⌠..H@'.#....©.#∩.#©##
#..⌠.##.#.##...#..#"##
###+# #...##.©.#8.#?##
#.#.##...#..#...
#.#......#..####
#.#.##..##......
#...##.## ..#### #####
## .# .# #.


You could see a minotaur (berserk).

Vanquished Creatures
  Snorg (D:11)
  A hydra (D:13)
  A catoblepas (D:13)
  A centaur warrior (D:13)
  3 boulder beetles
  5 two-headed ogres
  Nergalle (D:11)
  Amaemon (D:8)
  An orc knight (Orc:1)
  A deep elf pyromancer (D:12)
  An oklob plant (Gauntlet)
  2 ugly things
  3 manticores
  A cyclops (D:11)
  2 gargoyles (D:12)
  An orange demon (D:8)
  An unseen horror (D:13)
  Maggie (D:8)
  An ice devil (Gauntlet)
  2 trolls
  Prince Ribbit (D:8)
  2 centaur simulacra (Gauntlet)
  4 wraiths
  A yak (shapeshifter) (D:13)
  11 yaks
  2 fire elementals (D:13)
  3 steam dragons
  Grum (D:8)
  3 vampire mosquitoes (D:12)
  A harpy simulacrum (Gauntlet)
  Menkaure (D:7)
  5 acid dragons
  5 water moccasins
  Duvessa (D:4)
  2 meliai simulacra (Gauntlet)
  4 orc warriors
  3 ice beasts
  5 ogres
  5 black bears
  10 centaurs
  3 wolves (D:8)
  3 phantoms
  A kobold brigand (D:8)
  2 bullfrogs (D:8)
  4 necrophages
  6 scorpions
  4 wights (D:9)
  Dowan (D:4)
  6 howler monkeys
  3 jellies
  4 hounds
  4 orc priests
  A gnoll bouda (D:9)
  2 iguanas
  13 orc wizards
  Robin (D:3)
  4 gnolls
  6 adders
  3 white imps
  An ufetubus (D:5)
  A worm (D:3)
  5 dart slugs
  25 orcs
  5 ball pythons
  A bat zombie (D:8)
  6 endoplasms
  5 giant cockroaches
  10 goblins
  12 hobgoblins
  8 jackals
  2 quokkas
  3 bats
  3 frilled lizards
  10 kobolds
  6 rats
  A rat zombie (D:8)
276 creatures vanquished.

Vanquished Creatures (others)
  An adder (D:6)
  2 ufetubi (D:8)
  24 fungi (D:8)
  28 plants
55 creatures vanquished.

Grand Total: 331 creatures vanquished

Notes
Turn   | Place    | Note
-------+----------+-------------------------------------------
     0 | D:1      | gelatine the Demonspawn Fighter began the quest for the
                  | Orb.
     0 | D:1      | Reached XP level 1. HP: 18/18 MP: 1/1
    56 | D:1      | Reached skill level 2 in Axes
    56 | D:1      | Discovered your monstrous ancestry.
    56 | D:1      | Gained mutation: You have a pair of small antennae on your
                  | head. [demonic ancestry]
    56 | D:1      | Reached XP level 2. HP: 22/24 MP: 2/2
   518 | D:1      | Gained mutation: You may rarely emit foul miasma when
                  | damaged in melee. [demonic ancestry]
   518 | D:1      | Reached XP level 3. HP: 29/29 MP: 3/3
  1426 | D:3      | Noticed Robin
  1433 | D:3      | Reached XP level 4. HP: 30/35 MP: 4/4
  1438 | D:3      | Killed Robin
  1470 | D:3      | Reached skill level 3 in Axes
  1600 | D:3      | Found a hazy altar of Hepliaklqana.
  1660 | D:3      | Found Bynaruq's Distillery.
  1682 | D:3      | Gained mutation: You have a small tail. [demonic ancestry]
  1682 | D:3      | Reached XP level 5. HP: 24/41 MP: 5/5
  1747 | D:3      | Bought a potion of curing for 36 gold pieces
  1812 | D:3      | Found Mucen's Distillery.
  1835 | D:3      | Bought a potion of degeneration for 12 gold pieces
  2257 | D:4      | Found a hide-covered altar of Uskayaw.
  2257 | D:4      | Noticed Duvessa
  2257 | D:4      | Noticed Dowan
  2273 | D:4      | Killed Duvessa
  2274 | D:4      | Reached skill level 4 in Axes
  2274 | D:4      | Reached skill level 1 in Dodging
  2274 | D:4      | Gained mutation: You sometimes emit foul miasma when
                  | damaged in melee. [demonic ancestry]
  2274 | D:4      | Reached XP level 6. HP: 48/48 MP: 6/6
  2276 | D:4      | Killed Dowan
  2431 | D:4      | Identified 2 scrolls of acquirement
  2431 | D:4      | Acquired a +2 buckler of protection
  2609 | D:4      | Reached skill level 5 in Axes
  2612 | D:4      | Gained mutation: You have sharp fingernails. [demonic
                  | ancestry]
  2612 | D:4      | Reached XP level 7. HP: 50/54 MP: 7/7
  3040 | D:5      | Entered Level 5 of the Dungeon
  3133 | D:5      | Noticed a yak
  3135 | D:5      | Noticed a yak
  3135 | D:5      | Noticed a yak
  3136 | D:5      | Noticed a yak
  3142 | D:5      | Killed a yak
  3147 | D:5      | Killed a yak
  3152 | D:5      | Killed a yak
  3153 | D:5      | Reached skill level 6 in Axes
  3164 | D:5      | Killed a yak
  3165 | D:5      | Gained mutation: You frequently emit foul miasma when
                  | damaged in melee. [demonic ancestry]
  3165 | D:5      | Reached XP level 8. HP: 24/61 MP: 8/8
  3670 | D:5      | Found a staircase to the Ecumenical Temple.
  3682 | Temple   | Entered the Ecumenical Temple
  3902 | Temple   | Acquired the +8 orange crystal plate armour {Archmagi,
                  | Int+3 Clar}
  3902 | Temple   | Found the +8 orange crystal plate armour {Archmagi, Int+3
                  | Clar}
  3917 | Temple   | Became a worshipper of Cheibriados the Contemplative
  4044 | D:5      | Reached skill level 7 in Axes
  4121 | D:5      | Found a blossoming altar of Fedhas.
  4135 | D:5      | Reached skill level 5 in Fighting
  4351 | D:6      | Reached skill level 5 in Armour
  4613 | D:6      | Reached XP level 9. HP: 65/68 MP: 9/9
  4959 | D:7      | Noticed Menkaure
  4967 | D:7      | Reached skill level 1 in Evocations
  4968 | D:7      | Killed Menkaure
  4969 | D:7      | Reached skill level 8 in Axes
  5083 | D:7      | Noticed a two-headed ogre
  5093 | D:7      | Killed a two-headed ogre
  5094 | D:7      | Reached skill level 1 in Spellcasting
  5094 | D:7      | Reached skill level 1 in Invocations
  5466 | D:7      | Reached * piety under Cheibriados
  5509 | D:7      | Found a broken altar of Ashenzari.
  5983 | D:8      | Found a shimmering altar of Xom.
  6008 | D:8      | Found a bloodstained altar of Trog.
  6015 | D:8      | Noticed Prince Ribbit
  6023 | D:8      | Killed Prince Ribbit
  6024 | D:8      | Gained mutation: You have a tail ending in a sharp stinger.
                  | [demonic ancestry]
  6024 | D:8      | Reached XP level 10. HP: 71/76 MP: 12/12
  6059 | D:8      | Noticed an ice statue
  6115 | D:8      | Found a radiant altar of Vehumet.
  6284 | D:8      | Reached skill level 9 in Axes
  6310 | D:8      | Reached skill level 5 in Shields
  6320 | D:8      | Found a staircase to the Lair.
  6323 | D:8      | Noticed Grum
  6340 | D:8      | Killed Grum
  6500 | D:8      | Found an ancient bone altar of Kikubaaqudgha.
  6655 | D:8      | Identified the +7 short sword of Iconoclasm {protect,
                  | *Corrode Dex+7 SInv Stlth+}
  6686 | D:8      | Noticed Maggie
  6688 | D:8      | Reached ** piety under Cheibriados
  6693 | D:8      | Noticed Amaemon
  6704 | D:8      | Noticed an orange demon
  6712 | D:8      | Killed Maggie
  6738 | D:8      | Killed Amaemon
  6988 | D:8      | Found Zugyext's Assorted Antiques.
  7101 | D:8      | Killed an orange demon
  7531 | D:9      | Identified the +1 leather armour of the Ward {Int+2 SInv}
  7771 | D:9      | Noticed a two-headed ogre
  7782 | D:9      | Killed a two-headed ogre
  7806 | D:9      | Found a staircase to the Orcish Mines.
  7830 | D:9      | Reached *** piety under Cheibriados
  8001 | D:9      | Gained mutation: You are partially covered in sharp spines.
                  | [demonic ancestry]
  8001 | D:9      | Reached XP level 11. HP: 81/81 MP: 14/14
  8460 | D:10     | Entered Level 10 of the Dungeon
  8470 | D:10     | Reached skill level 10 in Axes
  8595 | D:10     | Found a stormy altar of Qazlal.
  8734 | D:10     | Found Gozag's Platinum Reserve.
  8736 | D:10     | Found an opulent altar of Gozag.
  8838 | D:10     | Found an iron altar of Okawaru.
  8977 | D:10     | Reached **** piety under Cheibriados
  9106 | D:11     | Noticed Snorg
  9106 | D:11     | Noticed a two-headed ogre
  9115 | D:11     | Killed a two-headed ogre
  9116 | D:11     | Reached skill level 5 in Dodging
  9124 | D:11     | Killed Snorg
  9160 | D:11     | Noticed a two-headed ogre
  9169 | D:11     | Killed a two-headed ogre
  9369 | D:11     | Noticed Nergalle
  9380 | D:11     | Killed Nergalle
  9381 | D:11     | Reached skill level 11 in Axes
  9459 | D:11     | Noticed a two-headed ogre
  9468 | D:11     | Killed a two-headed ogre
  9533 | D:11     | Identified the +4 scale mail "Ezxet" {rF- rC+++ rN++}
  9731 | D:12     | Noticed a purple ugly thing
  9743 | D:12     | Killed a purple ugly thing
  9769 | D:12     | Noticed a deep elf pyromancer
  9780 | D:12     | Killed a deep elf pyromancer
  9998 | D:12     | Reached skill level 12 in Axes
 10156 | D:12     | Reached XP level 12. HP: 91/91 MP: 15/15
 10305 | D:12     | Noticed a boulder beetle
 10326 | D:12     | Killed a boulder beetle
 10327 | D:12     | Reached skill level 5 in Evocations
 10575 | D:13     | Noticed a boulder beetle
 10586 | D:13     | Killed a boulder beetle
 10688 | D:13     | Noticed a five-headed hydra
 10706 | D:13     | Killed a 15-headed hydra
 10881 | D:13     | Noticed a centaur warrior
 10892 | D:13     | Killed a centaur warrior
 10895 | D:13     | Reached ***** piety under Cheibriados
 10976 | D:13     | Noticed a boulder beetle
 10983 | D:13     | Killed a boulder beetle
 10984 | D:13     | Reached skill level 13 in Axes
 11323 | D:13     | Noticed a catoblepas
 11325 | D:13     | Noticed Azrael
 11337 | D:13     | Killed a catoblepas
 11509 | Orc:1    | Entered Level 1 of the Orcish Mines
 11619 | Orc:2    | Entered Level 2 of the Orcish Mines
 11658 | Orc:2    | Found a staircase to the Elven Halls.
 11742 | Orc:2    | Found a gate leading to a gauntlet.
 11751 | Gauntlet | Entered a Gauntlet
 11751 | Gauntlet | Found a transporter.
 11751 | Gauntlet | Found a transporter.
 11767 | Gauntlet | Found a transporter.
 11767 | Gauntlet | Found a transporter.
 11769 | Gauntlet | Found a transporter.
 11787 | Gauntlet | Found a transporter.
 11791 | Gauntlet | Found a transporter.
 11859 | Gauntlet | Found a transporter.
 11859 | Gauntlet | Found a transporter.
 11941 | Gauntlet | Reached skill level 5 in Invocations
 11948 | Gauntlet | Found a transporter.
 11975 | Gauntlet | Noticed an entropy weaver
 11985 | Gauntlet | Found a transporter.
 12055 | Gauntlet | Found a transporter.
 12056 | Gauntlet | Found a transporter.
 12090 | Gauntlet | Identified the +8 scimitar "Jynugym" {drain, *Rage rPois
                  | rF+++ Stlth+}
 12090 | Gauntlet | Noticed a minotaur
 12097 | Gauntlet | Mangled by a minotaur

Illustrated notes

Levels and vault maps discovered:
D:1:      zelgadis_glass_arrival_small, layout_loops_ring
D:2:      layout_loops_ring, guppyfry_early_lair_pool
D:3:      layout_loops_ring, lemuel_tele_altar, serial_shops, shop, shop_coins,
          uniq_robin
D:4:      layout_gridville, nicolae_uskayaw_dance_hall, corexii_checkpoint_a,
          minmay_misc_feat_more_columns, uniq_duvessa
D:5:      layout_loops_cross, fedhas_altar_fruit_tree,
          mainiacjoe_overflow_boulevard, minmay_temple_entry_statues_pillars,
          cheibrodos_gnoll_hut
D:6:      layout_gridville, minmay_crossroads
D:7:      layout_loops_corners, lemuel_round_altar, minmay_microvault,
          uniq_menkaure
D:8:      cheibrodos_frozen_isle, layout_basic, amcnicky_altar_gilded,
          lemuel_zombie_altar_kikubaaqudgha,
          mainiacjoe_overflow_concentric_impassable, xom_butterflies,
          due_lair_maze_entry_diamond, serial_shops, kennysheep_mini,
          enter_bailey_5, minmay_misc_feat_ornament, grunt_ministairs_8,
          uniq_prince_ribbit1, uniq_amaemon, uniq_grum, uniq_maggie
D:9:      layout_basic, orc_0_dummy
D:10:     layout_long_grid, nicolae_gozag_zags_fifth_avenue,
          nicolae_qazlal_general_emergency, okawaru_ov_weapons_minmay
D:11:     layout_roguey, uniq_nergalle, uniq_snorg
D:12:     layout_stronghold, serial_column_ruins, column_ruins_hut,
          column_ruins_hut, column_ruins_columns_T,
          column_ruins_columns_straight, column_ruins_open_medium,
          column_ruins_open_small
D:13:     layout_basic, uniq_azrael
Temple:   cyrus_temple_forest
Orc:1:    layout_caves, uniq_jorgrun
Orc:2:    st_orc_ogre_mass, layout_caves, gauntlet_entry_generic,
          minmay_orc_treasury
Gauntlet: gammafunk_gauntlet_mixed_choke_point
          [minmay_gauntlet_arena_77_p_blocks,
          minmay_gauntlet_arena_77_double_cross, minmay_gauntlet_arena_77_fan,
          gammafunk_gauntlet_arena_split_x, minmay_gauntlet_arena_77_squiggly,
          minmay_gauntlet_arena_77_block_sizes,
          minmay_gauntlet_arena_77_two_lines, gauntlet_exit_hidden_loot]

Skill      XL: |  1  2  3  4  5  6  7  8  9 10 11 12 |
---------------+-------------------------------------+-----
Axes           | 2 3 4 5 6 7 8 9 12 13 | 13.7
Armour         | 3 4 5 6 7 8 |  8.6
Shields        | 3 4 5 6 7 |  7.4
Dodging        | 1 2 3 4 5 6 |  6.2
Fighting       | 4 5 6 7 8 |  8.6
Evocations     | 2 3 4 5 |  5.0
Spellcasting   | 1 2 |  2.6
Invocations    | 2 3 5 |  5.1
Stealth        | |  0.3
Unarmed Combat | |  0.2

Action                   |  1- 3 |  4- 6 |  7- 9 | 10-12 || total
-------------------------+-------+-------+-------+-------++-------
Melee: War axe           |   119 |   107 |   197 |   561 ||   984
       Tailslap          |       |     8 |    39 |   116 ||   163
       Unarmed           |       |       |       |    14 ||    14
Throw: Dart              |       |       |     2 |       ||     2
Evoke: Wand              |       |       |       |     6 ||     6
  Use: Scroll            |       |     9 |     5 |    13 ||    27
       Potion            |       |     2 |       |    15 ||    17
 Stab: Confused          |       |       |       |     1 ||     1
Armor: Scale mail        |    40 |    21 |    31 |       ||    92
       Chain mail        |    22 |    52 |       |       ||    74
       Crystal plate arm |       |       |   133 |   556 ||   689
       Skin              |       |       |       |     8 ||     8
Dodge: Dodged            |    49 |    44 |    47 |   304 ||   444
Block: Buckler           |    32 |    33 |    65 |   345 ||   475

Table legend: (Time is in decaauts)
 A = Elapsed time spent in this place.
 B = Non-inter-level travel time spent in this place.
 C = Inter-level travel time spent in this place.
 D = Time resting spent in this place.
 E = Time spent auto-exploring this place.
 F = Levels seen in this place.
 G = Mean time per level.
                   A        B        C        D        E       F      G
               +--------+--------+--------+--------+--------+-----+--------+
         Total |  15772 |  14644 |   1128 |      0 |  11328 |  17 |  927.8 |
       Dungeon |  14539 |  13559 |    980 |      0 |  10988 |  13 | 1118.4 |
        Temple |    237 |     91 |    146 |      0 |     38 |   1 |  237.0 |
  Orcish Mines |    406 |    406 |      0 |      0 |    302 |   2 |  203.0 |
      Gauntlet |    588 |    588 |      0 |      0 |      0 |   1 |  588.0 |
               +--------+--------+--------+--------+--------+-----+--------+

Top non-repeatable levels by time:
     D:8: 1881 daAuts
     D:9: 1540 daAuts
    D:12: 1404 daAuts
     D:7: 1367 daAuts
    D:13: 1321 daAuts
     D:5: 1148 daAuts
    D:11: 1096 daAuts
    D:10: 928 daAuts
     D:4: 885 daAuts
     D:1: 795 daAuts
     D:3: 780 daAuts
     D:6: 715 daAuts
     D:2: 674 daAuts
Gauntlet: 588 daAuts
   Orc:2: 241 daAuts
